 Dungeon Crawl Stone Soup version 0.18-a0-1027-g814d7dd (console) character file.

207 FIQ the Skirmisher (level 5, -1/46 HPs)
             Began as a Demonspawn Wanderer on Jan 8, 2016.
             Killed by divine providence
             ... invoked by an orc priest
              (11 damage)
             ... on level 3 of the Dungeon.
             The game lasted 00:04:49 (1485 turns).

FIQ the Skirmisher (Demonspawn Wanderer)            Turns: 1485, Time: 00:04:50

Health: -1/46      AC:  3    Str: 10    XL:     5   Next: 54%
Magic:  5/5        EV: 11    Int: 17    God:
Gold:   111        SH:  0    Dex: 12    Spells: 0 memorised, 4 levels left

rFire  . . .     SeeInvis .     u - +0 mace
rCold  + . .     Gourm    .     e - +0 robe
rNeg   . . .     Faith    .     (no shield)
rPois  .         Spirit   .     (helmet restricted)
rElec  .         Dismiss  .     (no cloak)
rCorr  +         Reflect  .     (no gloves)
SustAt .         Harm     .     (no boots)
MR     .....                    (no amulet)
Stlth  ++........               (no ring)
                                r - ring of resist corrosion

@: drained, not resistant to hostile enchantments, unstealthy
A: antennae 1, icy blue scales 1, cold resistance 1, freezing cloud immunity
a: no special abilities


You were on level 3 of the Dungeon.
You were not hungry.

You visited 1 branch of the dungeon, and saw 3 of its levels.

You collected 111 gold pieces.

Inventory:

Hand Weapons
 u - a +0 mace (weapon)
Armour
 e - a +0 robe (worn)
Jewellery
 r - a ring of resist corrosion (left hand)
Wands
 a - a wand of digging (19/24)
Scrolls
 d - a scroll of identify
Potions
 o - 3 potions of resistance
Books
 f - a book of Maledictions

   Spells                             Type                      Level
   a - Corona                         Hexes                        1
   b - Ensorcelled Hibernation        Hexes/Ice                    2
   c - Confuse                        Hexes                        3
   d - Tukima's Dance                 Hexes                        3
   e - Dazzling Spray                 Conjuration/Hexes            3
Comestibles
 b - 2 chunks of flesh
 c - a royal jelly
 g - 2 bread rations
 k - 2 meat rations
 s - a beef jerky


   Skills:
 + Level 5.7(5.2) Fighting
 + Level 0.6 Maces & Flails
   Level 1.0(0.7) Staves
 - Level 1.7(1.3) Throwing
 - Level 1.0(0.5) Armour
 - Level 1.0(0.5) Dodging
 - Level 2.6(2.2) Stealth


You had 4 spell levels left.
You didn't know any spells.

Dungeon Overview and Level Annotations

Branches:
Dungeon (3/15)

Altars:
Gozag
Kikubaaqudgha
Nemelex Xobeh
Okawaru

Shops:
D:2 *


Innate Abilities, Weirdness & Mutations

You have a pair of small antennae on your head.
You are partially covered in icy blue scales (AC +1).
Your flesh is cold resistant.
You are immune to freezing clouds.


Message History

The orc priest calls down the wrath of Beogh upon you.
Something smites you!
* * * LOW HITPOINT WARNING * * *
Drink which item? (? for menu, Esc to quit)
You feel better. The orc hits you with a dagger.
The orc shouts! x2
You hit the orc.
The orc is moderately wounded.
The orc hits you with a dagger.
* * * LOW HITPOINT WARNING * * *
The orc hits you with a dagger.
* * * LOW HITPOINT WARNING * * *
2 orcs come into view.
The orc shouts! x2
You sock the orc!
You kill the orc!
The orc moves out of view.
The orc priest mumbles some strange prayers to Beogh against you.
Something smites you!
You die...

#.##.##.#
#.##.##.#####
#............
######..#.##.###.#
#.........##.# #.#
#.####.......# #.#
#.# ##.###### ##.
#.# #.# #. #.# #.#
#. #$# #.# #. #@#
#.# #. #)# #.#
#### #o# ... ...


oo. #.# ##. ... #. ##### #. #) #. #. #. # You could see an orc priest and 2
orcs.

Vanquished Creatures
  Sigmund (D:3)
  An adder (D:2)
  2 oozes (D:2)
  2 worms (D:2)
  2 giant geckos (D:2)
  An orc (D:3)
  5 bats
  2 giant cockroaches
  4 goblins
  5 hobgoblins
  2 kobolds (D:2)
  A quokka (D:2)
  A ball python (D:3)
  4 rats
33 creatures vanquished.

Notes
Turn   | Place    | Note
--------------------------------------------------------------
     0 | D:1      | FIQ the Demonspawn Wanderer began the quest for the Orb.
     0 | D:1      | FIQ set off with: a +2 quarterstaff, a +0 falchion, 12 poisoned needles, a +0 blowgun, a +0 robe, a +0 dagger, a bread ration
     0 | D:1      | Reached XP level 1. HP: 16/16 MP: 1/1
    62 | D:1      | Found an iron altar of Okawaru.
   439 | D:2      | Found an ancient bone altar of Kikubaaqudgha.
   468 | D:2      | Gained mutation: You have a pair of small antennae on your head. [demonic ancestry]
   468 | D:2      | Reached XP level 2. HP: 18/23 MP: 2/2
   565 | D:2      | Reached skill level 3 in Fighting
   667 | D:2      | Gained mutation: Your flesh is cold resistant. [demonic ancestry]
   667 | D:2      | Reached XP level 3. HP: 29/29 MP: 3/3
  1076 | D:2      | Found Gozag's Platinum Reserve.
  1083 | D:2      | Reached skill level 4 in Fighting
  1123 | D:2      | Found an opulent altar of Gozag.
  1349 | D:3      | Noticed Sigmund
  1362 | D:3      | Killed Sigmund
  1362 | D:3      | Reached skill level 5 in Fighting
  1362 | D:3      | Gained mutation: You are partially covered in icy blue scales (AC +1). [demonic ancestry]
  1362 | D:3      | Reached XP level 4. HP: 12/40 MP: 4/4
  1362 | D:3      | Gained mutation: You are immune to freezing clouds. [demonic ancestry]
  1362 | D:3      | Reached XP level 5. HP: 13/46 MP: 5/5
  1379 | D:3      | Found a sparkling altar of Nemelex Xobeh.
  1485 | D:3      | Killed from afar by an orc priest

Vault maps used:
D:1:      dpeg_arrival_renting, okawaru_ov_weapons_minmay
D:2:      nicolae_overflow_crystal_walls, first_bread,
          nicolae_gozag_zags_fifth_avenue
D:3:      nemelex_xobeh_ov_fountains_minmay, portal_sewer_entry_d,
          grunt_ministairs_6, uniq_crazy_yiuf_cottage, uniq_sigmund

Action                   |  1- 3 |  4- 6 || total
-------------------------+-------+-------++-------
Melee: Quarterstaff      |    51 |       ||    51
       Mace              |    12 |    12 ||    24
  Use: Scroll            |     5 |       ||     5
       Potion            |     4 |     1 ||     5
 Stab: Sleeping          |     8 |     2 ||    10
  Eat: Chunk             |       |     2 ||     2
